Map: Dusk Towers

Players

eKimRoss

  • Race: Protoss Protoss

Miszu - Winner!

  • Race: Protoss Protoss
  • League: Grandmaster

VOD

Have the link to the VOD?

Description

Time

  • Played on: April 8, 2016, 5:54 p.m.
  • Length: 3:07
Show
View Real Time Build Order
Export as new Build Order

eKimRoss Protoss 

Build Orders: Cannon Rush 

Get SALT Encoding   

  12  0:01  Probe (Chrono Boost)  
  13  0:11  Probe (Chrono Boost)  
  14  0:18  Pylon  
  14  0:22  Probe (Chrono Boost)  
  15  0:36  Probe (Chrono Boost)  
  15  0:40  Forge  
  16  0:46  Probe (Chrono Boost)  
  17  1:02  Pylon  
  17  1:05  Probe (Chrono Boost)  
  18  1:21  Photon Cannon  
  18  1:25  Pylon  
  18  1:27  Photon Cannon  
  18  1:33  Photon Cannon  
  18  1:44  Pylon  
  18  2:00  Photon Cannon  
  18  2:02  Photon Cannon  
  18  2:07  Photon Cannon  
  18  2:16  Photon Cannon  
  18  2:27  Photon Cannon  
  17  2:35  Photon Cannon  
  17  2:43  Photon Cannon  
  17  2:45  Photon Cannon  
  17  2:51  Photon Cannon  
  17  2:57  Photon Cannon  
Show
View Real Time Build Order
Export as new Build Order

Miszu Protoss - Winner!

Build Orders:  

Get SALT Encoding   

  12  0:01  Probe (Chrono Boost)  
  13  0:11  Probe (Chrono Boost)  
  14  0:20  Pylon  
  14  0:22  Probe (Chrono Boost)  
  15  0:38  Probe (Chrono Boost)  
  15  0:41  Gateway  
  16  0:49  Probe (Chrono Boost)  
  17  0:50  Assimilator  
  17  0:57  Assimilator  
  17  0:59  Probe (Chrono Boost)  
  18  1:10  Gateway, Probe (Chrono Boost)  
  19  1:20  Probe (Chrono Boost)  
  20  1:28  Cybernetics Core  
  20  1:35  Zealot (Chrono Boost)  
  22  1:44  Pylon  
  22  2:05  Mothership Core  
  22  2:06  Stalker (Chrono Boost)  
  26  2:20  Stalker (Chrono Boost)  
  28  2:39  Stalker (Chrono Boost)  
  30  2:53  Pylon  
  28  3:02  Gateway  
Tags
 
Matchup
PvP
Player
Miszu
Add a new tag
Caveats
  • Supply blocks, unpowered buildings, or Contaminate may cause inaccurate times.
  • Supply counts are checked every 10 seconds.